 Dungeon Crawl Stone Soup version 0.22-a0-553-g9358b0b (webtiles) character file.

81 iamserjio the Insei (level 4, -7/38 HPs)
             Began as a Draconian Monk on June 25, 2018.
             Mangled by an ogre
             ... wielding a +0 giant club
              (22 damage)
             ... on level 4 of the Dungeon.
             The game lasted 00:04:41 (827 turns).

iamserjio the Insei (Draconian Monk)                 Turns: 827, Time: 00:04:42

Health: -7/38      AC:  5    Str: 13    XL:     4   Next: 19%
Magic:  4/4        EV: 13    Int: 11    God:
Gold:   50         SH:  0    Dex: 14    Spells: 3/3 levels left

rFire    . . .     SeeInvis .   k - +4 dagger (venom)
rCold    . . .     Gourm    .   (no shield)
rNeg     . . .     Faith    .   (armour unavailable)
rPois    .         Spirit   .   (helmet restricted)
rElec    .         Reflect  .   (no cloak)
rCorr    .         Harm     .   (no gloves)
MR       .....                  (no boots)
Stlth    ++........             (no amulet)
HPRegen  0.12/turn              (no ring)
MPRegen  0.09/turn              (no ring)

@: no status effects
A: unfitting armour, cold-blooded, AC +5
a: no special abilities


You were on level 4 of the Dungeon.
You were not hungry.

You visited 1 branch of the dungeon, and saw 4 of its levels.

You collected 50 gold pieces.

Inventory:

Hand Weapons
 k - a +4 dagger of venom (weapon)
Scrolls
 c - 3 scrolls of teleportation
Potions
 b - a potion of lignification {unknown}
 d - a potion of mutation {unknown}
 f - a potion of curing {unknown}
 i - 2 potions of brilliance {unknown}
 j - a potion of flight {unknown}
Comestibles
 a - 2 rations


   Skills:
 - Level 3.2 Fighting
 - Level 2.6 Dodging
 - Level 1.7 Stealth
 + Level 5.1 Unarmed Combat


You had 3 spell levels left.
You didn't know any spells.
Your spell library was empty.

Dungeon Overview and Level Annotations

Branches:
Dungeon (4/15)
 Temple: D:4-7

Altars:


Innate Abilities, Weirdness & Mutations

Your plain brown scales are hard. (AC +5)
You cannot fit into any form of body armour.
You are cold-blooded and may be slowed by cold attacks.


Message History

You hit the hound skeleton.
The hound skeleton is severely damaged.
The hound skeleton closely misses you.
You hit the hound skeleton.
The hound skeleton is severely damaged.
The hound skeleton barely misses you.
The hound skeleton completely misses you.
You hit the hound skeleton.
You destroy the hound skeleton!
Your Unarmed Combat skill increases to level 5!
As you open the door, it creaks loudly!
There is an open door here.
Found a robe.
You open the large door.
An orc and an ogre come into view.
The ogre shouts!
The orc shouts!
A worker ant comes into view.
The ogre hits you with a giant club!!
Ouch! That really hurt!
You die...

#+# #.# ... #.#
###++## #.# .......
###.###.....
#.....#..♣
##..#.@O.♣
#..#.'..♣ #
#..###...♣
##.####[.###.o..a.
...........#.......
#.......######++##
...####.##...# .. .
#...##...#.##
#...##......#


You could see an ogre, a worker ant and an orc.

Vanquished Creatures
  A hound skeleton (D:4)
  An adder (D:2)
  An ooze (D:1)
  A leopard gecko (D:1)
  An orc (D:3)
  3 bats (D:2)
  7 goblins
  7 hobgoblins
  12 jackals
  5 frilled lizards
  3 kobolds
  5 rats
47 creatures vanquished.

Notes
Turn   | Place    | Note
-------+----------+-------------------------------------------
     0 | D:1      | iamserjio the Draconian Monk began the quest for the Orb.
     0 | D:1      | Reached XP level 1. HP: 19/19 MP: 1/1
    70 | D:2      | Reached XP level 2. HP: 15/26 MP: 2/2
   135 | D:1      | Reached skill level 4 in Unarmed Combat
   217 | D:1      | Reached XP level 3. HP: 28/31 MP: 3/3
   706 | D:3      | Found a faded altar of an unknown god.
   758 | D:3      | Reached XP level 4. HP: 7/38 MP: 4/4
   809 | D:4      | Reached skill level 5 in Unarmed Combat
   826 | D:4      | Noticed an ogre
   827 | D:4      | Mangled by an ogre

Vault maps used:
D:1:      ebering_trefoil_twist
D:2:      nrook_mini_backslash, serial_bayou_ford_a, minmay_pentomino_v2
D:3:      bloody_trog, chequers_ecumenical_altar_simple
D:4:      temple_doors_ab, serial_glass, glass_columns_b, glass_columns_a,
          portal_sewer_entry_a, minmay_misc_feat_pillars,
          kennysheep_generic_room_7

Skill      XL: |  1  2  3  4 |
---------------+-------------+-----
Unarmed Combat | 4 5 |  5.1
Fighting       | |  3.2
Dodging        | |  2.6
Stealth        | |  1.7

Action                   |  1- 3 |  4- 6 || total
-------------------------+-------+-------++-------
Melee: Unarmed           |   138 |       ||   138
       Tailslap          |    16 |       ||    16
       Dagger            |     3 |     5 ||     8
       Punch             |     3 |       ||     3
  Use: Scroll            |       |     4 ||     4
 Stab: Sleeping          |     2 |       ||     2
Armor: Skin              |    36 |       ||    36
Dodge: Dodged            |    77 |     7 ||    84

Table legend:
 A = Spawn XP
 B = Non-spawn XP
 C = Spawn XP percentage of total XP
 D = Spawn monster count
 E = Non-spawn monster count
 F = Spawn count percentage of total count
 G = Total turns spent on level
                    A         B        C        D         E        F      G
               +---------+---------+-------+---------+---------+-------+---------
         Total |       0 |     116 |   0.0 |       0 |      47 |   0.0 |   827
               +---------+---------+-------+---------+---------+-------+---------
           D:1 |       0 |      39 |   0.0 |       0 |      18 |   0.0 |   249
           D:2 |       0 |      51 |   0.0 |       0 |      24 |   0.0 |   424
           D:3 |       0 |       8 |   0.0 |       0 |       4 |   0.0 |   121
           D:4 |       0 |      18 |   0.0 |       0 |       1 |   0.0 |    33
               +---------+---------+-------+---------+---------+-------+---------
